 Dungeon Crawl Stone Soup version 0.24-a0-381-g637bb3806f (webtiles) character file.

Game seed: 15293151606810402380

860 Ijustatesigmund the Cudgeler (level 8, -1/52 HPs)
             Began as an Octopode Fighter on June 3, 2019.
             Was a Believer of Cheibriados.
             Slain by a sky beast (5 damage)
             ... on level 5 of the Dungeon.
             The game lasted 00:05:53 (4020 turns).

Ijustatesigmund the Cudgeler (Octopode Fighter)     Turns: 4020, Time: 00:05:54

Health: -1/52      AC:  1    Str: 21    XL:     8   Next: 2%
Magic:  11/11      EV: 12    Int: 15    God:    Cheibriados [**....]
Gold:   141        SH: 11    Dex: 18    Spells: 7/7 levels left

rFire    . . .     SeeInvis .   a - +1 flail
rCold    . . .     Gourm    .   b - +1 shield
rNeg     . . .     Faith    .   (helmet restricted)
rPois    .         Spirit   .   (no amulet)
rElec    .         Reflect  .   (no ring)
rCorr    .         Harm     .   (no ring)
MR       .....                  (no ring)
Stlth    +++.......             (no ring)
HPRegen  0.17/turn              (no ring)
MPRegen  0.12/turn              (no ring)
                                (no ring)
                                (no ring)

@: very slow
A: almost no armour, stealthy swim, amphibious, 8 rings, constrict 8, camouflage
1, gelatinous body 1
a: Bend Time, Renounce Religion


You were on level 5 of the Dungeon.
You worshipped Cheibriados.
Cheibriados was pleased with you.
You were not hungry.

You visited 1 branch of the dungeon, and saw 5 of its levels.

You collected 141 gold pieces.

Inventory:

Hand Weapons
 a - a +1 flail (weapon)
Armour
 b - a +1 shield (worn)
Wands
 g - a wand of acid (5)
 i - a wand of enslavement (8)
 o - a wand of flame (21)
Scrolls
 f - 3 scrolls of teleportation
 h - 2 scrolls of fog
Potions
 c - a potion of resistance {unknown}
 e - a potion of flight
 j - 2 potions of haste
 l - a potion of cancellation {unknown}
 m - 3 potions of lignification {unknown}
 n - a potion of degeneration {unknown}
 p - 2 potions of curing {unknown}
Comestibles
 d - 8 rations


   Skills:
 + Level 3.4 Fighting
 + Level 6.6 Maces & Flails
 + Level 3.3 Dodging
 - Level 2.6 Stealth
 + Level 3.4 Shields
 + Level 5.0 Invocations


You had 7 spell levels left.
You didn't know any spells.
Your spell library was empty.

Dungeon Overview and Level Annotations

Branches:
Dungeon (5/15)             Temple (0/1) D:4

Altars:
Cheibriados
Makhleb
Qazlal
Zin


Innate Abilities, Weirdness & Mutations

You cannot wear most types of armour.
You are very stealthy in the water. (Stealth+)
You are amphibious.
You can wear up to eight rings at the same time.
You can use your tentacles to constrict eight enemies at once.
Your skin changes colour to match your surroundings (Stealth+).
Your rubbery body absorbs attacks. (AC +1, EV +1)


Message History

The bolt of acid hits the sky beast!
The sky beast is splashed with acid.
The acid corrodes the sky beast!
The sky beast is severely wounded.
You block the sky beast's attack.
The sky beast flickers out of sight!
Deactivating autopickup; reactivate with Ctrl-A.
Something hits you. Something shocks you.
You hit something. Something hits you. Something shocks you.
You miss something. Something hits you. Something shocks you.
You miss something. Your squeeze misses something. Something hits you.
Something shocks you.
* * * LOW HITPOINT WARNING * * *
Evoke which item? (* to show all) (? for menu, Esc to quit)
Aiming: Corrosive Bolt
Press: ? - help, Shift-Dir - straight line Something hits you.
* * * LOW HITPOINT WARNING * * *
Something shocks you.
* * * LOW HITPOINT WARNING * * *
You closely miss something. Something hits you.
You die...

.......###
......... ..#
......... ..#
......... ..##
.......# ...##
#....# ....##.
#...####.......
#.{@...........
.###.......###...
...#.####.## ...
..... ##.## ...
.....##..# .. ..
#####...## #. ...
#....## .# #..
#.....####.# #.#
##.#...##.# #.##


There were no monsters in sight!

Vanquished Creatures
  Eustachio (D:5)
  2 phantoms (D:4)
  A water moccasin skeleton (D:4)
  A hound (D:4)
  An iguana (D:5)
  An orc wizard (D:5)
  A bullfrog skeleton (D:4)
  Ijyb (D:3)
  Natasha (thrice) (D:4)
  A worker ant (D:4)
  A hound skeleton (D:4)
  Robin (D:4)
  13 adders
  An ooze (D:2)
  A worm (D:3)
  A dart slug (D:1)
  2 leopard geckos
  8 orcs
  8 bats
  4 giant cockroaches
  17 goblins
  12 hobgoblins
  7 jackals
  10 kobolds
  2 quokkas
  7 frilled lizards
  6 rats
114 creatures vanquished.

Notes
Turn   | Place    | Note
-------+----------+-------------------------------------------
     0 | D:1      | Ijustatesigmund the Octopode Fighter began the quest for
                  | the Orb.
     0 | D:1      | Reached XP level 1. HP: 16/16 MP: 1/1
   242 | D:1      | Reached XP level 2. HP: 18/21 MP: 2/2
   339 | D:1      | Reached skill level 3 in Maces & Flails
   573 | D:1      | Reached XP level 3. HP: 26/26 MP: 3/3
   878 | D:2      | Reached skill level 4 in Maces & Flails
   900 | D:2      | Reached skill level 1 in Stealth
   914 | D:2      | Reached XP level 4. HP: 29/31 MP: 4/4
   933 | D:2      | Found a snail-covered altar of Cheibriados.
  1570 | D:2      | Became a worshipper of Cheibriados the Contemplative
  1604 | D:3      | Reached XP level 5. HP: 36/36 MP: 5/5
  1694 | D:3      | Noticed Ijyb
  1701 | D:3      | Killed Ijyb
  1701 | D:3      | Reached skill level 1 in Invocations
  1732 | D:3      | Reached * piety under Cheibriados
  1984 | D:4      | Reached skill level 5 in Maces & Flails
  1992 | D:4      | Noticed Robin
  1997 | D:4      | Reached XP level 6. HP: 35/42 MP: 7/7
  2006 | D:4      | Killed Robin
  2095 | D:4      | Noticed Natasha
  2102 | D:4      | Killed Natasha
  2370 | D:4      | Found a burning altar of Makhleb.
  2446 | D:4      | Found a staircase to the Ecumenical Temple.
  2486 | D:4      | Noticed Natasha
  2496 | D:4      | Killed Natasha
  2570 | D:4      | Reached ** piety under Cheibriados
  2571 | D:4      | Noticed Natasha
  2580 | D:4      | Killed Natasha
  2797 | D:4      | Noticed a phantom
  2803 | D:4      | Reached XP level 7. HP: 46/46 MP: 9/9
  2812 | D:4      | Reached skill level 6 in Maces & Flails
  3529 | D:5      | Entered Level 5 of the Dungeon
  3705 | D:5      | Found a stormy altar of Qazlal.
  3766 | D:5      | Noticed Eustachio
  3776 | D:5      | Killed Eustachio
  3776 | D:5      | Reached skill level 5 in Invocations
  3778 | D:5      | Found a glowing silver altar of Zin.
  3957 | D:5      | Reached XP level 8. HP: 51/52 MP: 11/11
  4020 | D:5      | Slain by a sky beast

Levels and vault maps discovered:
D:1:      wander_arrival_peaceful_grave, layout_loops_ring, minmay_octomino_e4
D:2:      layout_basic, old_standard_altar
D:3:      cheibrodos_old_hovel, layout_rooms, uniq_ijyb
D:4:      layout_gridville, makhleb_blood_cavern_becter, temple_green,
          uniq_natasha, uniq_robin
D:5:      layout_layer_cave, grunt_temple_overflow_order_and_chaos_1,
          lemuel_round_altar, nicolae_overflow_hidden_temple, first_ration,
          uniq_crazy_yiuf_cottage, uniq_eustachio

Skill      XL: |  1  2  3  4  5  6  7 |
---------------+----------------------+-----
Maces & Flails | 3 4 5 6 |  6.6
Stealth        | 1 2 |  2.6
Invocations    | 2 3 5 |  5.0
Fighting       | |  3.4
Dodging        | |  3.3
Shields        | |  3.4

Action                   |  1- 3 |  4- 6 |  7- 9 || total
-------------------------+-------+-------+-------++-------
Melee: Flail             |    60 |   122 |    48 ||   230
       Constrict         |    13 |    31 |     8 ||    52
       Tentacles         |     3 |    23 |    15 ||    41
Evoke: Wand              |       |       |     4 ||     4
  Use: Scroll            |     6 |     4 |     1 ||    11
       Potion            |       |     1 |     1 ||     2
 Stab: Sleeping          |     7 |    13 |     3 ||    23
       Distracted        |       |     1 |     1 ||     2
  Eat: Chunk             |       |     4 |       ||     4
       Ration            |       |       |     1 ||     1
Armor: Skin              |     3 |    11 |     1 ||    15
Dodge: Dodged            |    22 |    50 |    22 ||    94
Block: Shield            |    29 |    60 |    36 ||   125

Table legend:
 A = Non-vault XP
 B = Vault XP
 C = Vault XP percentage of total XP
 D = Non-vault monster count
 E = Vault monster count
 F = Vault count percentage of total count
                 A         B        C        D         E       F
            +---------+---------+-------+---------+---------+-------
      Total |     861 |     368 |  29.9 |      93 |      21 |  18.4
            +---------+---------+-------+---------+---------+-------
        D:1 |      35 |       4 |  10.3 |      18 |       3 |  14.3
        D:2 |     120 |       0 |   0.0 |      31 |       0 |   0.0
        D:3 |      52 |      37 |  41.6 |      18 |       2 |  10.0
        D:4 |     535 |     119 |  18.2 |      17 |      15 |  46.9
        D:5 |     119 |     208 |  63.6 |       9 |       1 |  10.0
            +---------+---------+-------+---------+---------+-------
